Arrhythmia, neutral female human Tourist -------- -------- -------- -------- -------- -------- |......| |......| |...%..-# |......| |.......# |......| |...p..| |......| #-......|# |......| |......|# |......| |......| |......| ###|......|### |......| |......|### |......| |......| |...[..| # |......| # |...<..| |......| # |......| |......| |.......## |......| #%-......-####......)| ##n......| ----l--- ----.--- -------- ---.---- --.-...- -------- # # ## # *# ### # # # # # # # --.----- ----.--- -------- ----.--- --.----- -------- |......| |.I...^.####|......| |.B....| |......| |......| |......| ##-..@...| #-......| |aa.>..-####.......| #-.....`| |......| # |...^..| |......| |......| |.......####|......| |.......### |......| |......| |......| |......| |......| |.....{| |......| |......| |......| |..(...| |......| -------- -------- -------- -------- -------- -------- Arrhythmia the Excursionist Experience level: 7 Strength: 10 Dexterity: 17 Constitution: 11 Intelligence: 13 Wisdom: 11 Charisma: 16 Health: 0(46) Energy: 39(39) AC: 8 Gold: 533 Moves: 2999 Your Inventory: Coins $ - 533 gold pieces Weapons a - 29 uncursed +2 darts (in quiver) R - a cursed [-3] dagger (weapon in hand) Z - an [uncursed +0] dagger Armor f - a cursed -1 iron skull cap [orcish helm] (being worn) k - an uncursed +0 Hawaiian shirt (being worn) o - a cursed +0 pair of hard shoes [iron] (being worn) q - an [uncursed +0] pair of fencing gloves [leather] x - an [uncursed +0] hard hat [dwarvish iron helm] Comestibles b - an uncursed carrot c - an uncursed cram ration d - 5 uncursed food rations e - 3 uncursed tripe rations r - 2 [uncursed] lichen corpses z - an [uncursed] pancake D - an uncursed partly eaten food ration Scrolls i - 3 uncursed scrolls of magic mapping j - a blessed scroll of magic mapping t - an [uncursed] scroll labeled KIRJE [of identify] u - a [blessed] scroll labeled VENZAR BORGAVVE [of enchant armor] A - a [cursed] scroll labeled VELOX NEB [of remove curse] Q - a [blessed] scroll labeled VELOX NEB [of remove curse] W - an [uncursed] scroll labeled KERNOD WEL [of destroy armor] X - a [blessed] unlabeled scroll [of blank paper] Y - 3 [uncursed] unlabeled scrolls [of blank paper] Potions g - an uncursed potion of extra healing h - a blessed potion of extra healing Rings U - an [uncursed -1] wedding ring [of gain strength] Wands E - an [uncursed] wand called make inv [of make invisible (0:4)] Tools l - an uncursed expensive camera (0:72) m - an uncursed credit card n - a [cursed magic] lamp (lit) Gems v - an [uncursed] orange gem [agate] w - an [uncursed] violet gem [worthless glass] N - an [uncursed] green gem [worthless glass] Spells known in the end: Name Level Category Fail Memory Your skills at the end: Fighting Skills Weapon Skills dart [Basic / Expert] Spellcasting Skills Final Attributes: You were piously aligned. Hunger level was 663. Your alignment was 24 / 24. Monster difficulty range was 0 - 5. Level difficulty was 4. You resisted fire. You were blinded. You were telepathic. You were lucky (1). You are dead. Vanquished creatures: a leprechaun a blue jelly a rock piercer a fog cloud 3 yellow lights a violet fungus a gray ooze an elf zombie a paper golem a giant ant a floating eye 2 dwarves a homunculus a monkey a wererat an acid blob 4 coyotes a hobbit a large kobold 3 hobgoblins a giant rat a brown mold a yellow mold a red mold 2 gnomes 2 garter snakes 2 geckos 11 jackals a fox 3 goblins a bat 3 lichens a kobold zombie 6 newts 64 creatures vanquished. Voluntary challenges: You were an atheist. You used a wielded weapon 121 times. You read items or engraved 100 times. You put on armor 6 times. You never genocided any monsters. You never polymorphed an object. You never changed form. You used no wishes. You wrote Elbereth's name 29 times. You never encountered a bones level. You never used any Sokoban shortcuts. Dungeon overview: The Dungeons of Doom: levels 1 to 5 Level 1 a fountain a long staircase Level 2 a general store, some fountains Level 3 a long staircase Level 4 <- You were here a fountain History has recorded: On T:1 you entered the Dungeons of Doom to retrieve the Amulet of Yendor! On T:600 you reached level 2 of The Dungeons of Doom. On T:607 you advanced to experience level 2. On T:919 you advanced to experience level 3. On T:1117 you reached level 3 of The Dungeons of Doom. On T:1119 you advanced to experience level 4. On T:1208 you advanced to experience level 5. On T:1593 you reached level 4 of The Dungeons of Doom. On T:1617 you reached level 5 of The Dungeons of Doom. On T:1751 you advanced to experience level 6. On T:2895 you advanced to experience level 7. Latest messages: This coyote corpse tastes terrible! [HP+1=21] You can see again. You finish eating the coyote corpse. [HP+1=22] [7 turns] The yellow light explodes! You are blinded by a blast of light! The dart hits the mountain nymph. You feel an unseen monster! The mountain nymph stole a wand of digging. [HP+1=23] You hit it. (2x) You miss it. You are suddenly very cold! [HP-17=6] You hit it. You miss it. You are suddenly very cold! You die... Final status: Aloha Arrhythmia the Tourist... You died in The Dungeons of Doom on dungeon level 4 with 2927 points, and 533 pieces of gold, after 2999 moves. You were level 7 with a maximum of 46 hit points when you died.